AoeStats
← gifted

Coastal Forest

510493717Analyzed
4v4 RM · 17h ago on Oct 1, 2026· 44m 40s· 8 players
Game mode
Random Map
Map size
Large (8 player)
Population
200
Speed
Normal
Resources
Standard
Victory
Conquest
Starting age
Dark Age
Ending age
Imperial Age
RankedLock teamsTeams togetherTeam positionsShared explorationLock speedFull tech treeHidden civsTurbo modeCheats
Victory
Defeat
🇨🇳 Maya · China
1371
+14
🇨🇳 Magyars · China
1369
+14
🇨🇳 Mongols · China
1357
+14
🇦🇷 Koreans · Argentina
1314
+16
🇰🇷 Inca · South Korea
1365
-16
🇦🇺 Britons · Australia
1360
-16
🇹🇼 Varangians · Taiwan
1304
-14
🇨🇳 Japanese · China
1264
-12
JITUI1379
10:08 Feudal Age
8:54 Loom
10:40 Feudal Age
15:26 Castle Age
13:48 Double-Bit Axe
13:46 Horse Collar
16:56 Wheelbarrow
18:37 Fletching
19:54 Bodkin Arrow
21:24 Gold Mining
21:25 Stone Mining
21:48 Bow Saw
23:40 Hand Cart
29:35 Imperial Age
26:52 Town Watch
27:46 Stone Shaft Mining
27:13 Heavy Plow
28:41 Padded Archer Armor
29:05 Ballistics
28:52 Husbandry
29:02 Bloodlines
29:31 Thumb Ring
30:28 Gold Shaft Mining
30:24 Leather Archer Armor
30:15 Bracer
29:56 Capped Ram
32:18 Chemistry
32:36 Conscription
32:16 Elite Mangudai
35:29 Drill
34:30 Siege Ram
35:50 Coinage
36:07 Parthian Tactics
37:16 Siege Engineers
38:06 Town Patrol
44:04 Nomads
44:39 Hoardings
44:21 Forging
44:11 Scale Mail Armor
44:16 Scale Barding Armor
44:14 Caravan
44:44 Coinage
44:26 Fortified Wall
44:12 Murder Holes
44:27 Masonry
44:08 Guard Tower
44:23 Siphons
44:38 Shipwright
44:29 Clinker Construction
44:29 Careening
44:35 Fervor
44:26 Atonement
44:21 Herbal Medicine
44:27 Devotion
44:47 Heresy
45:11 Squires
44:58 Arson
七七2025
7:12 Loom
9:42 Feudal Age
10:25 Double-Bit Axe
10:21 Horse Collar
14:37 Wheelbarrow
21:04 Castle Age
18:57 Gold Mining
20:17 Bloodlines
21:52 Scale Barding Armor
21:49 Husbandry
22:18 Light Cavalry
27:54 Chain Barding Armor
31:46 Gold Shaft Mining
34:33 Hand Cart
41:09 Imperial Age
38:34 Stone Mining
40:34 Town Watch
41:14 Cavalier
41:20 Hussar
44:05 Plate Barding Armor
43:07 Cavalier
44:56 Conscription
King Nothing
12:03 Feudal Age
12:58 Double-Bit Axe
17:02 Castle Age
15:03 Gold Mining
15:12 Fishing Lines
18:39 Wheelbarrow
18:17 Bow Saw
19:39 Clinker Construction
21:13 Loom
21:42 Gillnets
22:44 Careening
22:31 Fletching
22:35 Horse Collar
24:46 Hand Cart
26:23 Town Watch
29:58 Stone Mining
30:45 Gold Shaft Mining
34:03 Imperial Age
32:25 Stone Shaft Mining
34:35 Elite Turtle Ship
36:21 Chemistry
35:44 Dry Dock
35:45 Carvel Hull
37:12 Town Patrol
37:42 Bodkin Arrow
38:10 Ballistics
37:59 Siege Engineers
37:28 Elite Cannon Galleon
39:22 Treadmill Crane
39:52 Masonry
41:27 Two-Man Saw
40:54 Heavy Plow
42:08 Bracer
43:26 Conscription
43:45 Elite War Wagon
黑石塔
0:29 Loom
10:03 Feudal Age
13:01 Wheelbarrow
12:21 Double-Bit Axe
15:24 Fletching
15:20 Horse Collar
20:41 Gold Mining
20:54 Padded Archer Armor
25:00 Castle Age
25:20 Crossbowman
26:01 Bodkin Arrow
27:45 Leather Archer Armor
31:02 Ballistics
30:56 Thumb Ring
37:03 Imperial Age
34:49 Hand Cart
35:54 Bow Saw
35:49 Heavy Plow
37:35 Stone Mining
37:43 Arbalester
38:48 Bracer
39:43 Caravan
40:25 Town Watch
41:45 Two-Man Saw
41:18 Crop Rotation
41:23 Ring Archer Armor
42:39 Chemistry
44:10 Town Patrol
44:26 Masonry
43:57 Treadmill Crane
44:14 Murder Holes
44:42 Shipwright
顶呱呱
7:10 Loom
10:41 Feudal Age
11:48 Double-Bit Axe
21:09 Castle Age
22:48 Wheelbarrow
22:12 Fletching
24:19 Bodkin Arrow
24:56 Gold Mining
24:56 Stone Mining
25:09 Horse Collar
26:05 Bow Saw
26:06 Yasama
26:58 Ballistics
27:57 Guard Tower
28:13 Heavy Plow
29:49 Treadmill Crane
35:37 Imperial Age
34:22 Hand Cart
34:43 Masonry
36:24 Bracer
37:27 Chemistry
jetty8282-한국인
7:15 Loom
10:23 Feudal Age
10:58 Double-Bit Axe
10:40 Champi Runner
14:47 Arson
18:04 Scale Mail Armor
18:32 Horse Collar
23:19 Castle Age
22:04 Forging
21:45 Gold Mining
24:10 Bow Saw
23:22 Champi Warrior
24:03 Squires
24:42 Iron Casting
25:09 Gold Shaft Mining
25:26 Chain Mail Armor
26:20 Heavy Plow
27:19 Pikeman
29:50 Wheelbarrow
happyeric8877
7:24 Loom
9:59 Feudal Age
10:43 Double-Bit Axe
19:40 Fishing Lines
22:05 Castle Age
21:54 Fletching
22:04 Gold Mining
23:05 Bodkin Arrow
24:10 Medium Warships
24:07 Gillnets
25:55 Careening
27:03 Ballistics
27:58 Clinker Construction
29:28 Bow Saw
30:37 Wheelbarrow
36:44 Hand Cart
37:31 Padded Archer Armor
42:51 Imperial Age
41:07 Leather Archer Armor
42:00 Siphons
43:34 Bracer
43:05 Elite Longship
44:53 Bracer
45:59 Chemistry
gifted
9:49 Feudal Age
10:01 Loom
11:52 Double-Bit Axe
14:55 Padded Archer Armor
14:46 Fletching
22:22 Horse Collar
28:13 Castle Age
26:36 Fishing Lines
28:53 Bodkin Arrow
28:20 Crossbowman
30:18 Leather Archer Armor
31:34 Ballistics
Connection lost

Rejoining the realm…

Still unreachable

The connection could not be restored.

Session expired

The server has moved on; the page needs a fresh start.